 Dungeon Crawl Stone Soup version 0.28.0-53-g5a82cb258f (webtiles) character file.

Game seed: 2462563803504319054

1132 ZappyNine the Skirmisher (level 8, -19/44 HPs)
             Began as a Vine Stalker Fighter on May 31, 2022.
             Was a Follower of Uskayaw.
             Killed from afar by an acid dragon (27 damage)
             ... with a splash of acid
             ... on level 6 of the Dungeon.
             The game lasted 00:07:17 (4880 turns).

ZappyNine the Skirmisher (Vine Stalker Fighter)     Turns: 4880, Time: 00:07:18

Health: -19/44     AC: -2    Str: 27    XL:     8   Next: 36%
Magic:  0/11       EV:  9    Int:  8    God:    Uskayaw [*.....]
Gold:   189        SH:  5    Dex: 14    Spells: 7/7 levels left

rFire   . . .      SeeInvis .   d - +6 dagger (vamp)
rCold   . . .      Faith    .   c - +0 buckler
rNeg    . . .      Spirit   +   b - +0 scale mail
rPois   .          Reflect  .   (no helmet)
rElec   .          Harm     .   v - +2 cloak
rCorr   .          Rampage  .   (no gloves)
Will    +....                   (no boots)
Stlth   ..........              (no amulet)
HPRegen 0.94/turn               m - +6 ring of strength
MPRegen 0.12/turn               (no ring)

@: corroded
A: fangs 3, regeneration 1, magic shield, antimagic bite, no potion heal 2
a: Renounce Religion, Stomp


You were on level 6 of the Dungeon.
You worshipped Uskayaw.
Uskayaw was noncommittal.
You visited 2 branches of the dungeon, and saw 7 of its levels.

You collected 189 gold pieces.

Inventory:

Hand Weapons
 a - a +0 rapier
 d - a +6 vampiric dagger (weapon)
Armour
 b - a +0 scale mail (worn)
 c - a +0 buckler (worn)
 v - a +2 cloak (worn)
Jewellery
 m - a +6 ring of strength (left hand)
 o - a ring of protection from cold
 r - a ring of wizardry
Wands
 j - a wand of mindburst (16)
Scrolls
 g - a scroll of holy word {unknown}
 i - 2 scrolls of teleportation
 l - 4 scrolls of identify
 s - a scroll of blinking {unknown}
 u - a scroll of immolation {unknown}
 w - a scroll of fear {unknown}
Potions
 e - 5 potions of heal wounds
 f - a potion of brilliance
 h - a potion of cancellation {unknown}
 k - 3 potions of curing
 n - a potion of lignification {unknown}
 p - a potion of magic {unknown}
 q - a potion of attraction {unknown}
 t - a potion of might


   Skills:
 + Level 5.5 Fighting
 + Level 5.1 Short Blades
 - Level 2.4 Armour
 - Level 4.9 Shields
 * Level 3.6 Invocations


You had 7 spell levels left.
You didn't know any spells.
Your spell library contained the following spells:

 Spells                   Type           Power      Damage    Failure   Level
 Foxfire                  Conj/Fire      0%         2x1d4     77%         1
 Sandblast                Erth           0%         2d4       77%         1
 Slow                     Hex            0%         N/A       77%         1
 Scorch                   Fire           0%         2d5       88%         2
 Confusing Touch          Hex            0%         N/A       98%         3
 Vampiric Draining        Necr           0%         2d6       98%         3
 Ignition                 Fire           0%         3d3       100%        8
 Lehudib's Crystal Spear  Conj/Erth      0%         10d2      100%        8


Dungeon Overview and Level Annotations

Branches:
Dungeon (6/15)             Temple (1/1) D:5

Altars:
Ashenzari
Cheibriados
Dithmenos
Elyvilon
Fedhas
Gozag
Hepliaklqana
Kikubaaqudgha
Makhleb
Okawaru
Qazlal
Ru
Sif Muna
Trog
Uskayaw
Vehumet
Wu Jian
Xom
Yredelemnul
Zin

Shops:
D:6 [


Innate Abilities, Weirdness & Mutations

You have razor-sharp teeth.
Your natural rate of healing is unusually fast.
When hurt, damage is shared between your health and your magic reserves.
Your bite disrupts and absorbs the magic of your enemies.
Potions cannot restore your health.


Message History

The acid corrodes you!
You are too injured to fight recklessly!
You are too injured to fight recklessly!
You are too injured to fight recklessly!
You are too injured to fight recklessly!
You are too injured to fight recklessly!
You are too injured to fight recklessly!
An acid dragon is nearby!
You hit the acid dragon but do no damage.
You bite the acid dragon. You drain its power.
You feel invigorated.
The acid dragon is lightly wounded.
The acid dragon bites you.
* * * LOW HITPOINT WARNING * * *
The acid dragon claws you but does no damage.
Unknown command.
You can no longer pass through a line of other dancers.
The acid dragon spits acid at you. The splash of acid hits you!
* * * LOW HITPOINT WARNING * * *
The acid dragon spits acid at you. The splash of acid misses you.
The acid dragon spits acid at you. You block the splash of acid.
You are no longer corroded.
The acid dragon spits acid at you. The splash of acid hits you!
The acid dragon spits acid at you. The splash of acid hits you!
* * * LOW HITPOINT WARNING * * *
The acid corrodes you! The acid dragon spits acid at you.
The splash of acid hits you! The acid corrodes you!
The acid dragon spits acid at you. The splash of acid hits you!!
* * * LOW HITPOINT WARNING * * *
The acid corrodes you! The acid dragon spits acid at you.
The splash of acid hits you!!
Ouch! That really hurt!
You die...

............#
............#
............##########
..[.......∩.........>#
##########.####.###.#
#.# #.# #.# #.# #.#
#.# #.# #.# #.# #.#
#@# #.# #.## #.# #.#
#..# #.# #.# ##.# #.#
#.######### #.# #.#
#........<# #.###.#
########### #..##.#
######## ##.##D#
###......# #.##.#


You could see an acid dragon (catching breath).

Vanquished Creatures
  Sigmund (D:6)
  A water moccasin (D:4)
  A necrophage (D:5)
  Blork the orc (D:5)
  A scorpion (D:4)
  A water moccasin skeleton (D:5)
  A centaur zombie (D:5)
  A jelly (D:5)
  A bullfrog skeleton (D:5)
  A centaur skeleton (D:4)
  An orc priest (D:6)
  2 hounds (D:6)
  Terence (D:2)
  Jessica (D:2)
  2 iguanas
  3 orc wizards
  2 howler monkey zombies (D:6)
  7 gnolls
  3 adders
  2 shadow imps (D:6)
  A white imp (D:5)
  An ufetubus (D:4)
  A worm (D:2)
  4 dart slugs
  5 orcs
  6 ball pythons
  5 bats
  6 endoplasms
  4 giant cockroaches
  3 goblins
  6 hobgoblins
  2 jackals (D:3)
  2 quokkas
  3 frilled lizards (D:2)
  5 kobolds
  6 rats
94 creatures vanquished.

Notes
Turn   | Place    | Note
-------+----------+-------------------------------------------
     0 | D:1      | ZappyNine the Vine Stalker Fighter began the quest for the
                  | Orb.
     0 | D:1      | Reached XP level 1. HP: 11/11 MP: 2/2
   225 | D:1      | Found a faded altar of an unknown god.
   231 | D:1      | Reached XP level 2. HP: 16/16 MP: 3/3
   918 | D:2      | Noticed Jessica
   927 | D:2      | Killed Jessica
   928 | D:2      | Reached XP level 3. HP: 13/20 MP: 1/4
  1374 | D:2      | Gained mutation: Your natural rate of healing is unusually
                  | fast. [Vine Stalker growth]
  1374 | D:2      | Reached XP level 4. HP: 24/24 MP: 3/5
  1633 | D:2      | Noticed Terence
  1656 | D:2      | Killed Terence
  1657 | D:2      | Reached XP level 5. HP: 21/29 MP: 3/6
  2218 | D:3      | Got the Volume of the Dusty Volcanoes
  2233 | D:3      | Reached XP level 6. HP: 33/33 MP: 7/7
  2907 | D:4      | Noticed a water moccasin
  2917 | D:4      | HP: 1/33 [water moccasin (3)]
  2923 | D:4      | Killed a water moccasin
  3146 | D:4      | Reached XP level 7. HP: 31/38 MP: 5/8
  3271 | D:5      | Entered Level 5 of the Dungeon
  3299 | D:5      | Found a staircase to the Ecumenical Temple.
  3329 | Temple   | Entered the Ecumenical Temple
  3618 | Temple   | Became a worshipper of Uskayaw the Reveller
  3694 | D:5      | Reached * piety under Uskayaw
  3698 | D:5      | Reached ** piety under Uskayaw
  3699 | D:5      | Reached skill level 5 in Fighting
  3826 | D:5      | Noticed Blork the orc
  3847 | D:5      | Reached skill level 1 in Invocations
  3856 | D:5      | Reached *** piety under Uskayaw
  3857 | D:5      | Killed Blork the orc
  4066 | D:5      | Found a bloodstained altar of Trog.
  4231 | D:5      | Found a burning altar of Makhleb.
  4433 | D:6      | Reached **** piety under Uskayaw
  4435 | D:6      | Gained mutation: You have razor-sharp teeth. [Vine Stalker
                  | growth]
  4435 | D:6      | Reached XP level 8. HP: 34/43 MP: 1/10
  4618 | D:6      | Found Gywneo's Antique Armour Boutique.
  4743 | D:6      | Noticed Sigmund
  4753 | D:6      | Killed Sigmund
  4754 | D:6      | Reached skill level 5 in Short Blades
  4880 | D:6      | Killed from afar by an acid dragon

Illustrated notes

Levels and vault maps discovered:
D:1:      elethiomel_arrival_quiet, layout_basic,
          chequers_ecumenical_altar_lobes, minmay_misc_feat_rugged,
          feat_on_display
D:2:      layout_basic, minmay_hexomino_p4, uniq_terence, uniq_jessica
D:3:      layout_basic, serial_glass, glass_columns_a, glass_columns_a,
          glass_columns_b, glass_columns_b, glass_columns_a
D:4:      layout_gridville
D:5:      layout_gridville, mainiacjoe_overflow_swirl,
          minmay_temple_entry_large_hall, uniq_blork_the_orc
D:6:      layout_basic, serial_shops, shop, minmay_small_thing, uniq_sigmund
Temple:   dpeg_five_rooms_temple

Skill      XL: |  1  2  3  4  5  6  7  8 |
---------------+-------------------------+-----
Short Blades   | 2 3 4 5 |  5.1
Fighting       | 3 4 5 |  5.5
Shields        | 3 4 |  4.9
Invocations    | 2 3 |  3.6
Armour         | |  2.4

Action                   |  1- 3 |  4- 6 |  7- 9 || total
-------------------------+-------+-------+-------++-------
Melee: Rapier            |    47 |       |       ||    47
       Bite              |    24 |    55 |    34 ||   113
       Dagger            |    33 |   202 |   107 ||   342
Invok: Stomp             |       |       |     1 ||     1
  Use: Potion            |     1 |     2 |       ||     3
       Scroll            |       |     8 |     3 ||    11
 Stab: Paralysed         |       |       |     4 ||     4
Armor: Scale mail        |    36 |    55 |    27 ||   118
Dodge: Dodged            |    26 |    83 |    30 ||   139
Block: Buckler           |    17 |    39 |    14 ||    70
